 Dungeon Crawl Stone Soup version 0.30-a0-311-gf115ab0292 (webtiles) character file.

Game seed: 6341276948625824156

116 purpskrrrp the Ruffian (level 4, 0/44 HPs)
             Began as a Troll Fighter on Oct 25, 2022.
             Slain by a gnoll
             ... wielding a +0 flail
              (6 damage)
             ... on level 3 of the Dungeon.
             The game lasted 00:02:12 (1225 turns).

purpskrrrp the Ruffian (Troll Fighter)              Turns: 1225, Time: 00:02:13

Health: 0/44       AC:  4    Str: 26    XL:     4   Next: 69%
Magic:  3/3        EV:  8    Int:  4    God:
Gold:   118        SH:  7    Dex:  9    Spells: 3/3 levels left

rFire   . . .      SeeInvis .      - Unarmed
rCold   . . .      Faith    .    b - +0 kite shield
rNeg    . . .      Spirit   .    a - +0 robe
rPois   .          Reflect  .    m - +0 hat
rElec   .          Harm     .    (no cloak)
rCorr   .          Rampage  .    (gloves unavailable)
Will    .....                    (boots unavailable)
Stlth   +.........               (no amulet)
HPRegen 1.07/turn                (no ring)
MPRegen 0.08/turn                (no ring)

@: about to teleport
A: large, unfitting armour, claws 3, regeneration 1, shaggy fur 1, tough skin 1
a: no special abilities


You were on level 3 of the Dungeon.
You visited 1 branch of the dungeon, and saw 3 of its levels.

You collected 118 gold pieces.

Inventory:

Armour
 a - a +0 robe (worn)
 b - a +0 kite shield (worn)
 m - a +0 hat (worn)
Jewellery
 f - an amulet of reflection
 i - a ring of flight
Scrolls
 d - 2 scrolls of teleportation
 h - 2 scrolls of identify {unknown}
 j - a scroll of butterflies {unknown}
 k - a scroll of noise {unknown}
 n - a scroll of amnesia {unknown}
Potions
 c - a potion of might
 e - 2 potions of resistance {unknown}
 g - a potion of haste {unknown}
 l - a potion of lignification {unknown}


   Skills:
 - Level 2.4 Fighting
 - Level 2.4 Dodging
 - Level 2.6 Shields
 + Level 5.0 Unarmed Combat


You had 3 spell levels left.
You didn't know any spells.
Your spell library contained the following spells:

 Spells                   Type           Power      Damage    Failure   Level
 Blink                    Tloc           0%         N/A       91%         2
 Momentum Strike          Conj/Tloc      0%         3d8       91%         2
 Lesser Beckoning         Tloc           0%         N/A       99%         3
 Stone Arrow              Conj/Erth      0%         3d7       99%         3
 Animate Armour           Summ/Erth      0%         N/A       100%        4
 Lehudib's Crystal Spear  Conj/Erth      0%         10d2      100%        8


Dungeon Overview and Level Annotations

Branches:
Dungeon (3/15)

Altars:
Ru


Innate Abilities, Weirdness & Mutations

You are too large for most types of armour.
You have claws for hands.
Your natural rate of healing is unusually fast.
You are covered in fur. (AC +1)
You have tough skin. (AC +1)


Message History

The gnoll barely misses you.
You closely miss the gnoll. The gnoll barely misses you.
You completely miss the gnoll. The gnoll hits you with a +0 flail!
The gnoll barely misses you.
You scratch the gnoll.
The gnoll is moderately wounded.
The gnoll closely misses you.
The gnoll hits you from afar with a +0 halberd!
You are too injured to fight recklessly!
You are too injured to fight recklessly!
You are too injured to fight recklessly!
You are too injured to fight recklessly!
You are too injured to fight recklessly!
You are too injured to fight recklessly!
You are too injured to fight recklessly!
You are too injured to fight recklessly!
You are too injured to fight recklessly!
You are too injured to fight recklessly!
You are too injured to fight recklessly!
You are too injured to fight recklessly!
You are too injured to fight recklessly!
You are too injured to fight recklessly!
You are too injured to fight recklessly!
You are too injured to fight recklessly!
You are too injured to fight recklessly!
You are too injured to fight recklessly!
You are too injured to fight recklessly!
The gnoll attacks as you move away! The gnoll hits you with a +0 flail.
The gnoll attacks as you move away! The gnoll hits you with a +0 flail.
* * * LOW HITPOINT WARNING * * *
As you read the scroll labelled QAIMUKK XECSA, it crumbles to dust.
You feel strangely unstable.
It was a scroll of teleportation.
The gnoll hits you but does no damage.
You mangle the gnoll!!
You kill the gnoll!
The gnoll hits you with a +0 flail!
* * * LOW HITPOINT WARNING * * *
Your Unarmed Combat skill increases to level 5!
You closely miss the gnoll. The gnoll hits you with a +0 flail.
You die...

# #..##........#
#.##.##........#
#.......########
####.#######
####.####..
#.......#†#
#.......#.#
#........$#
#.......#@#
#..<....#g#
#.......#g#
#.......#g#
#########.. #.##
#.# #.# #.#


You could see 3 gnolls.

Vanquished Creatures
  4 gnolls
  4 adders
  4 dart slugs
  5 bats
  2 endoplasms
  2 goblins
  2 hobgoblins (D:2)
  4 jackals (D:1)
  3 quokkas
  4 frilled lizards
  2 kobolds
  3 rats
39 creatures vanquished.

Notes
Turn   | Place    | Note
-------+----------+-------------------------------------------
     0 | D:1      | purpskrrrp the Troll Fighter began the quest for the Orb.
     0 | D:1      | Reached XP level 1. HP: 22/22 MP: 0/0
   419 | D:1      | Reached XP level 2. HP: 29/29 MP: 1/1
   438 | D:1      | Reached skill level 3 in Unarmed Combat
   699 | D:2      | Reached XP level 3. HP: 33/36 MP: 2/2
   894 | D:2      | Reached skill level 4 in Unarmed Combat
   981 | D:2      | Reached XP level 4. HP: 40/44 MP: 3/3
  1118 | D:3      | Found a sacrificial altar of Ru.
  1225 | D:3      | Reached skill level 5 in Unarmed Combat
  1225 | D:3      | Slain by a gnoll

Illustrated notes

Levels and vault maps discovered:
D:1:      nagdon_arrival_zigzag_paths, layout_basic, grunt_decor_one_mirror
D:2:      layout_rooms, nrook_mini_backslash
D:3:      layout_loops_cross, yredelemnul_altar_generic, okawaru_gym_becter,
          general_overflow_altar, elyvilon_altar_5, kennysheep_generic_room_3

Skill      XL: |  1  2  3  4 |
---------------+-------------+-----
Unarmed Combat | 3 4 5 |  5.0
Fighting       | |  2.4
Dodging        | |  2.4
Shields        | |  2.6

Action                   |  1- 3 |  4- 6 || total
-------------------------+-------+-------++-------
Melee: Unarmed           |    88 |    25 ||   113
  Use: Scroll            |       |     1 ||     1
Armor: Robe              |    36 |     2 ||    38
Dodge: Dodged            |    33 |    11 ||    44
Block: Kite shield       |    37 |     8 ||    45

Table legend: (Time is in decaauts)
 A = Elapsed time spent in this place.
 B = Non-inter-level travel time spent in this place.
 C = Inter-level travel time spent in this place.
 D = Time resting spent in this place.
 E = Time spent auto-exploring this place.
 F = Levels seen in this place.
 G = Mean time per level.
                   A        B        C        D        E       F      G
               +--------+--------+--------+--------+--------+-----+--------+
         Total |   1232 |   1195 |     37 |      0 |    912 |   3 |  410.7 |
       Dungeon |   1232 |   1195 |     37 |      0 |    912 |   3 |  410.7 |
               +--------+--------+--------+--------+--------+-----+--------+

Top non-repeatable levels by time:
     D:1: 682 daAuts
     D:2: 416 daAuts
     D:3: 133 daAuts
